 Dungeon Sprint DCSS version 0.28.0-53-g5a82cb258f (webtiles) character file.

Game seed: 11387636392357408455

2500000 Zeld the Intangible (level 19, -114/226 HPs)
             Began as a Djinni Monk on May 26, 2022.
             Was the Champion of Makhleb.
             Annihilated by a destroyer
             ... wielding a +9 vorpal great sword
              (172 damage)
             ... in the Dungeon (Sprint VIII: "Arena of Blood").
             The game lasted 00:00:33 (25 turns).

Zeld the Intangible (Djinni Monk)                     Turns: 25, Time: 00:00:34

Health: -114/226   AC: 26    Str: 16    XL:     19   Next: 74%
Gold:   0          EV: 29    Int: 13    God:    Makhleb [******] SH:  0 Dex: 17

rFire   + + .      SeeInvis .   g - +∞ Axe of Woe
rCold   x . .      Faith    .   (shield currently unavailable)
rNeg    + . .      Spirit   .   (armour currently unavailable)
rPois   ∞          Reflect  .   (no helmet)
rElec   +          Harm     .   (no cloak)
rCorr   .          Rampage  .   (gloves currently unavailable)
Will    +....      NoTele   +   (boots unavailable)
Stlth   ++........              (no amulet)
HPRegen 0.47/turn               (no ring)
MPRegen 0.00/turn               (no ring)

@: statue-form, flying, very slow
A: slow and powerful, torment resistance 1, flying, boosted hp, sickness
immunity, fire resistance 2, cold vulnerability 1, float, innate caster, HP
casting, extra vitality 1
a: End Transformation, Renounce Religion, Minor Destruction, Lesser Servant of
Makhleb, Major Destruction, Greater Servant of Makhleb


You were in the Dungeon.
You worshipped Makhleb.
Makhleb was exalted by your worship.
You were a living statue of rough stone.
You visited 1 branch

Inventory:

Hand Weapons
 g - the +∞ Axe of Woe (weapon)
   (You found it in the Dungeon)
Armour
 a - a +0 robe (melded)
Scrolls
 f - a scroll of blinking
Potions
 b - a potion of curing
 c - a potion of heal wounds
 d - a potion of haste
 e - a potion of berserk rage


   Skills:
 O Level 27 Fighting
 O Level 27 Axes
 O Level 27 Dodging
 - Level 1.5 Stealth
 - Level 3.0 Unarmed Combat
 * Level 23.8 Spellcasting
 O Level 27 Invocations


You had 26 spell levels left.
You knew the following spells:

 Your Spells              Type           Power      Damage    Failure   Level
a - Magic Dart            Conj           100%       1d8       0%          1
b - Call Imp              Summ           67%        N/A       0%          2
c - Stone Arrow           Conj/Erth      100%       3d13      0%          3
d - Passage of Golubria   Tloc           67%        N/A       0%          4
e - Irradiate             Conj/Tmut      33%        3d25      0%          5
f - Iskenderun's Battles  Conj           67%        2d12      0%          5
g - Statue Form           Tmut/Erth      44%        N/A       1%          6
h - Starburst             Conj/Fire      33%        6d10      1%          6
i - Monstrous Menagerie   Summ           33%        N/A       1%          7
Your spell library was empty.

Dungeon Overview and Level Annotations

Branches:
Dungeon (1/1)

Altars:
Makhleb


Innate Abilities, Weirdness & Mutations

You are a living statue of rough stone.
Your actions are slow, but your melee attacks are powerful.
You are resistant to unholy torment.
You are flying.
Your maximum health is greatly increased.
Your equipment is partially melded.
You are immune to sickness and miasma.
You are immune to poison.
Your flesh is very heat resistant. (rF++)
You are vulnerable to cold. (rC-)
You float through the air rather than walking.
You learn spells naturally, not from books.
Your magical power is your life essence.
You have superior vitality. (+4 MHP)


Message History

You feel better.
You slice the meat berserker!!
You slaughter the meat berserker joyfully.
You kill the meat berserker!
Makhleb accepts your kill.
The large bag of meat explodes!
The fiery explosion engulfs you! You resist.
The fiery explosion engulfs the meat berserker!!!
You are engulfed in blazing flames.
You resist.
You hear a shout!
The meat berserker is engulfed in blazing flames.
You hear a shout! x7
The meat berserker is engulfed in blazing flames.
The meat berserker misses you.
A bag of meat comes into view. It is wielding a +9 war axe.
You hear a shout!
The destroyer casts a spell at you.
The destroyer blinks!
A bag of meat comes into view. It is wielding a +9 war axe.
You have mastered Axes!
Your Spellcasting skill gained 3 levels and is now at level 23!
You have mastered Invocations!
You have reached level 19!
The power to cast Monstrous Menagerie wells up from within.
Spell assigned to 'i'.
Unknown command.
You are too injured to fight recklessly!
Unknown command.
You are too injured to fight recklessly!
Unknown command.
A bag of meat comes into view. It is wielding a +9 war axe.
The bag of meat shouts!
You hear a shout! x3
The meat berserker is engulfed in blazing flames.
You hear a shout! x5
The bag of meat closely misses you.
The meat berserker is engulfed in blazing flames.
The meat berserker hits you with a +9 battleaxe!!
* * * LOW HITPOINT WARNING * * *
The destroyer hits you with a +9 vorpal great sword!!!!!
Ouch! That really hurt!
You die...

.....o. .. ....o
.. #.... .# ..
#... ..#
..o###.O. ..###.
........###......
#.....o.)_.......
....#8VO..#.... .
#_O§§_# . #))°§.#
.o...§§.....
.....O###......
..###... ..###. .
#... ..# #.o. ..#
... ..


You could see a destroyer, a large bag of meat (inner flame), 3 meat berserkers
and 5 bags of meat.

Vanquished Creatures
  A vampire knight (D)
  10 ogres (D)
  A two-headed ogre (D)
  8 orcs (D)
20 creatures vanquished.

Notes
Turn   | Place    | Note
-------+----------+-------------------------------------------
     0 | D        | Found the +∞ Axe of Woe
     0 | D        | Zeld the Djinni Monk began the quest for the Orb.
     0 | D        | Reached XP level 1. HP: 20/20 MP: 0/0
     2 | D        | Noticed a bag of meat
     4 | D        | Became a worshipper of Makhleb the Destroyer
     4 | D        | Reached * piety under Makhleb
     4 | D        | Reached ** piety under Makhleb
     5 | D        | Noticed a bag of meat
     6 | D        | Noticed a bag of meat
     8 | D        | Noticed a meat berserker
     8 | D        | Noticed a meat berserker
     9 | D        | Noticed a bag of meat
    10 | D        | Noticed a meat berserker
    10 | D        | Noticed a meat berserker
    11 | D        | Killed a meat berserker
    11 | D        | Noticed a bag of meat
    11 | D        | Noticed a bag of meat
    11 | D        | Noticed a bag of meat
    12 | D        | Reached skill level 15 in Fighting
    12 | D        | Reached XP level 2. HP: 43/43 MP: 0/0
    12 | D        | Reached XP level 3. HP: 49/49 MP: 0/0
    12 | D        | Learned a level 1 spell: Magic Dart
    12 | D        | Reached XP level 4. HP: 55/55 MP: 0/0
    12 | D        | Reached XP level 5. HP: 60/60 MP: 0/0
    12 | D        | Learned a level 2 spell: Call Imp
    12 | D        | Reached XP level 6. HP: 67/67 MP: 0/0
    12 | D        | Reached XP level 7. HP: 72/72 MP: 0/0
    12 | D        | Learned a level 3 spell: Stone Arrow
    12 | D        | Reached XP level 8. HP: 78/78 MP: 0/0
    12 | D        | Reached XP level 9. HP: 84/84 MP: 0/0
    12 | D        | Learned a level 4 spell: Passage of Golubria
    12 | D        | Reached XP level 10. HP: 90/90 MP: 0/0
    12 | D        | Reached XP level 11. HP: 95/95 MP: 0/0
    12 | D        | Learned a level 5 spell: Irradiate
    12 | D        | Reached XP level 12. HP: 102/102 MP: 0/0
    12 | D        | Killed a meat berserker
    12 | D        | Noticed a meat berserker
    13 | D        | Reached XP level 13. HP: 53/112 MP: 0/0
    13 | D        | Learned a level 5 spell: Iskenderun's Battlesphere
    13 | D        | Killed a meat berserker
    13 | D        | Killed a bag of meat
    13 | D        | Reached *** piety under Makhleb
    13 | D        | Noticed a meat berserker
    13 | D        | Noticed a meat berserker
    13 | D        | Noticed a bag of meat
    14 | D        | Reached XP level 14. HP: 123/123 MP: 0/0
    15 | D        | Killed a meat berserker
    15 | D        | Killed a bag of meat
    15 | D        | Killed a meat berserker
    15 | D        | Reached **** piety under Makhleb
    15 | D        | Killed a meat berserker
    16 | D        | Reached XP level 15. HP: 138/138 MP: 0/0
    16 | D        | Learned a level 6 spell: Statue Form
    16 | D        | Reached XP level 16. HP: 145/145 MP: 0/0
    17 | D        | Noticed a destroyer
    18 | D        | Killed a meat berserker
    18 | D        | Reached ***** piety under Makhleb
    18 | D        | Noticed a meat berserker
    19 | D        | Reached XP level 17. HP: 139/154 MP: 0/0
    19 | D        | Learned a level 6 spell: Starburst
    19 | D        | Noticed a large bag of meat
    19 | D        | Noticed a meat berserker
    20 | D        | Killed a destroyer
    21 | D        | Reached skill level 27 in Dodging
    21 | D        | Reached XP level 18. HP: 166/166 MP: 0/0
    21 | D        | Noticed a large bag of meat
    21 | D        | Noticed a meat berserker
    22 | D        | Reached skill level 27 in Fighting
    22 | D        | Killed a meat berserker
    22 | D        | Noticed a meat berserker
    23 | D        | Noticed a meat berserker
    23 | D        | Noticed a meat berserker
    24 | D        | Noticed a destroyer
    24 | D        | Killed a large bag of meat
    24 | D        | Reached ****** piety under Makhleb
    24 | D        | Killed a meat berserker
    24 | D        | Killed a meat berserker
    25 | D        | Reached skill level 27 in Axes
    25 | D        | Reached skill level 27 in Invocations
    25 | D        | Reached XP level 19. HP: 86/174 MP: 0/0
    25 | D        | Learned a level 7 spell: Monstrous Menagerie
    25 | D        | Annihilated by a destroyer

Illustrated notes

Levels and vault maps discovered:
D:        meatsprint

Skill      XL: |  1  2  3  4  5  6  7  8  9 10 11 12 13 14 15 16 17 18 |
---------------+-------------------------------------------------------+-----
Fighting       | 15 17 19 23 24 26 27 | 27.0
Axes           | 11 13 14 17 19 22 27 | 27.0
Dodging        | 16 18 20 24 25 27 | 27.0
Spellcasting   | 9 11 13 16 17 19 23 | 23.8
Invocations    | 12 14 16 20 21 23 27 | 27.0
Stealth        | |  1.5
Unarmed Combat | |  3.0

Action                   |  1- 3 |  4- 6 |  7- 9 | 10-12 | 13-15 | 16-18 | 19-21 || total
-------------------------+-------+-------+-------+-------+-------+-------+-------++-------
Melee: Executioner's axe |     1 |       |       |     1 |     2 |     6 |       ||    10
 Cast: Call Imp          |       |       |       |       |     1 |       |       ||     1
       Statue Form       |       |       |       |       |       |     1 |       ||     1
Armor: Skin              |       |       |       |       |       |     2 |       ||     2
Dodge: Dodged            |       |       |       |       |       |     4 |     1 ||     5
